 Dungeon Sprint DCSS version 0.17-a0-1197-g2d00c63 (webtiles) character file.

263 Kidiri the Covert (level 5, -7/45 HPs)
             Began as a Spriggan Assassin on June 2, 2015.
             Mangled by a slime creature (11 damage)
             ... in the Dungeon (Sprint I: "Red Sonja").
             The game lasted 00:01:59 (586 turns).

Kidiri the Covert (Spriggan Assassin)                Turns: 586, Time: 00:01:59

Health: -7/45      AC:  3    Str: 12    XL:     5   Next: 97%
Magic:  6/6        EV: 24    Int: 13    God:
Gold:   162        SH:  0    Dex: 18    Spells: 0 memorised, 4 levels left

rFire  . . .     SeeInvis +     a - +2 dagger
rCold  . . .     Clarity  .     c - +0 robe
rNeg   . . .     SustAt   .     (shield restricted)
rPois  .         Gourm    .     (helmet restricted)
rElec  .         Spirit   .     d - +0 cloak
rCorr  .         Warding  .     (gloves unavailable)
rMut   .         NoTele   +     (boots unavailable)
MR     .....                    (no amulet)
Stlth  ..........               (no ring)
                                (no ring)

@: berserking, very quick, not resistant to hostile enchantments, extremely
unstealthy
A: unfitting armour, see invisible, herbivore 3, speed 3, slow metabolism 2
a: no special abilities


You were in the Dungeon.
You were not hungry.

You visited 1 branch You collected 162 gold pieces.

Inventory:

Hand weapons
 a - a +2 dagger (weapon)
 b - a +0 blowgun
Missiles
 e - 8 poisoned needles
 f - 2 curare-tipped needles
Armour
 c - a +0 robe (worn)
 d - a +0 cloak (worn)
Scrolls
 m - a scroll of blinking
Potions
 h - 2 potions of curing
 i - a potion of heal wounds
 j - a potion of haste
 k - 2 potions of magic
Comestibles
 g - a bread ration


   Skills:
 * Level 4.8 Fighting
 * Level 5.9 Short Blades
 * Level 6.4 Throwing
 * Level 8.0 Dodging
 * Level 10.3 Stealth


You had 4 spell levels left.
You didn't know any spells.

Dungeon Overview and Level Annotations

Branches:
Dungeon (1/1)

Altars:
Cheibriados
Dithmenos
Fedhas
Jiyva


Innate Abilities, Weirdness & Mutations

You are tiny and cannot use many weapons and most armour.
You have supernaturally acute eyesight.
You are a herbivore.
You cover ground extremely quickly.
You need consume almost no food.


Message History

The slime creature is severely wounded.
The slime creature closely misses you.
You completely miss the slime creature.
The slime creature is severely wounded.
You puncture the slime creature!
The slime creature is severely wounded.
The slime creature hits you!!
* * * LOW HITPOINT WARNING * * *
You hit the slime creature.
The slime creature is severely wounded.
You hit the slime creature.
The slime creature is severely wounded.
The slime creature hits you.
* * * LOW HITPOINT WARNING * * *
You hit the slime creature.
The slime creature is almost dead.
You hit the slime creature.
The slime creature is almost dead.
The slime creature hits you!
You die...

###################
#<.#..'..#.@J..#__#
#..'..#..'..#..'..+
#..#####'#####+#__#
#..# #..# #### #..#
#### #).# #⌠⌠# ####


You could see a slime creature.

Vanquished Creatures
  Sigmund (D)
  An ogre (D)
  Ijyb (D)
3 creatures vanquished.

Vanquished Creatures (others)
  A gargoyle (D)
1 creature vanquished.

Grand Total: 4 creatures vanquished

Notes
Turn   | Place    | Note
--------------------------------------------------------------
     0 | D        | Kidiri the Spriggan Assassin began the quest for the Orb.
     0 | D        | Reached XP level 1. HP: 10/10 MP: 2/2
     3 | D        | Noticed Ijyb
    14 | D        | Killed Ijyb
    14 | D        | Reached skill level 7 in Stealth
    14 | D        | Reached XP level 2. HP: 14/16 MP: 3/3
    55 | D        | Noticed an ogre
    77 | D        | Killed an ogre
    77 | D        | Reached skill level 5 in Dodging
    77 | D        | Reached skill level 8 in Stealth
    77 | D        | Reached XP level 3. HP: 19/21 MP: 4/4
    77 | D        | Reached XP level 4. HP: 22/25 MP: 5/5
   136 | D        | Noticed Sigmund
   139 | D        | Killed Sigmund
   139 | D        | Reached skill level 5 in Short Blades
   139 | D        | Reached skill level 10 in Stealth
   139 | D        | Reached XP level 5. HP: 28/30 MP: 6/6
   162 | D        | Found a snail-covered altar of Cheibriados.
   162 | D        | Found a viscous altar of Jiyva.
   162 | D        | Found a shadowy altar of Dithmenos.
   162 | D        | Found a blossoming altar of Fedhas.
   162 | D        | Noticed a slime creature
   506 | D        | Killed a gargoyle
   586 | D        | Mangled by a slime creature

Vault maps used:
D:        dungeon_sprint_1

Action                   |  1- 3 |  4- 6 || total
-------------------------+-------+-------++-------
Melee: Dagger            |    10 |    25 ||    35
 Fire: Blowgun           |     4 |       ||     4
  Use: Potion            |       |     1 ||     1
 Stab: Sleeping          |     1 |     1 ||     2
